| TOP OF THE 1ST |
|
California Angels batting - Pitching for Minnesota Twins : RHP Marcos Ortega
|
|
Pitching: RHP Marcos Ortega
|
|
|
Batting: RHB Frank White
|
0-0: Called Strike 0-1: Ball 1-1: Ball 2-1: Swinging Strike 2-2: Foul Ball, location: 2F 2-2: Ball 3-2: Strikes out swinging
|
|
Batting: RHB Jeff Atherton
|
0-0: Called Strike 0-1: SINGLE (Line Drive, 9LS, EV 101.3 MPH)
|
|
Batting: LHB Brian Rosinski
|
0-0: Called Strike 0-1: Ball 1-1: Called Strike 1-2: Ball 2-2: Foul Ball, location: 2F 2-2: Strikes out swinging
|
|
Batting: LHB Ralph Garr
|
0-0: Ball Jeff Atherton steals 2nd, throwing error, E2 Jeff Atherton to third 1-0: Fly out, F7 (Flyball, 7LM, EV 90.6 MPH)
|
| Top of the 1st over - 0 runs, 1 hit, 1 error, 1 left on base; California 0 - Minnesota 0 |
| BOTTOM OF THE 1ST |
|
Minnesota Twins batting - Pitching for California Angels : RHP Clay Kirby
|
|
Pitching: RHP Clay Kirby
|
|
|
Batting: RHB Chet Lemon
|
0-0: Ball 1-0: Called Strike 1-1: Called Strike 1-2: Foul Ball, location: 2F 1-2: Foul Ball, location: 2F 1-2: SINGLE (Line Drive, 34D, EV 105.6 MPH)
|
|
Batting: RHB Josh Lynn
|
0-0: Swinging Strike 0-1: Ball 1-1: Ball 2-1: Called Strike 2-2: Ball 3-2: Reached on error, E5 (Groundball, 5L, EV 80.6 MPH) Chet Lemon to second
|
|
Batting: SHB Jerry Mumphrey
|
0-0: Called Strike 0-1: Ball 1-1: Ball 2-1: Foul Ball, location: 2F 2-2: Strikes out looking
|
|
Batting: RHB George Foster
|
0-0: Swinging Strike 0-1: Foul Ball, location: 2F 0-2: Foul Ball, location: 2F 0-2: Ball 1-2: Foul Ball, location: 2F 1-2: Foul Ball, location: 2F 1-2: Ball 2-2: Ball 3-2: Strikes out swinging
|
|
Batting: RHB Matt Cooper
|
0-0: Called Strike 0-1: Ball 1-1: SINGLE (Line Drive, 8LS, EV 106.3 MPH) Chet Lemon to third Josh Lynn to second Runner from 3rd tries for Home, SAFE, throw by CF to home
|
|
Batting: SHB Tony Bernazard
|
0-0: Foul Ball, location: 2F 0-1: Ground out 4-3 (Groundball, 4, EV 98.8 MPH)
|
| Bottom of the 1st over - 1 run, 2 hits, 1 error, 2 left on base; California 0 - Minnesota 1 |
| TOP OF THE 2ND |
|
California Angels batting - Pitching for Minnesota Twins : RHP Marcos Ortega
|
|
Batting: LHB John Milner
|
0-0: Foul Ball, location: 2F 0-1: Ball 1-1: Called Strike 1-2: Foul Ball, location: 2F 1-2: Fly out, F8 (Flyball, 8LXD, EV 96.9 MPH)
|
|
Batting: SHB Ignacio Medina
|
0-0: Swinging Strike 0-1: Ground out U3 (Groundball, 34, EV 83.1 MPH)
|
|
Batting: RHB Carlos Pimentel
|
0-0: Called Strike 0-1: Swinging Strike 0-2: Foul Ball, location: 2F 0-2: Foul Ball, location: 2F 0-2: Strikes out looking
|
| Top of the 2nd over - 0 runs, 0 hits, 0 errors, 0 left on base; California 0 - Minnesota 1 |
| BOTTOM OF THE 2ND |
|
Minnesota Twins batting - Pitching for California Angels : RHP Clay Kirby
|
|
Batting: LHB Eloy Escobedo
|
0-0: Ball 1-0: Called Strike 1-1: Swinging Strike 1-2: Ball 2-2: Ball 3-2: Foul Ball, location: 2F 3-2: SINGLE (Line Drive, 78S, EV 92.5 MPH)
|
|
Batting: RHB Aurelio Rodriguez
|
0-0: SINGLE (Groundball, 34S, EV 66.3 MPH) (infield hit) Eloy Escobedo to second
|
|
Batting: LHB Ken Oberkfell
|
0-0: Ball 1-0: Foul Ball, location: 2F 1-1: Called Strike 1-2: Foul Ball, location: 2F 1-2: Foul Ball, location: 2F 1-2: Fly out, F7 (Line Drive, 7, EV 98.1 MPH)
|
|
Batting: RHB Chet Lemon
|
0-0: 3-RUN HOME RUN (Flyball, 7LD, EV 103.8 MPH), Distance : 369 ft
|
|
Batting: RHB Josh Lynn
|
0-0: Called Strike 0-1: Swinging Strike 0-2: Foul Ball, location: 2F 0-2: Foul Ball, location: 2F 0-2: Ball 1-2: Foul Ball, location: 2F 1-2: Foul Ball, location: 2F 1-2: Ball 2-2: Ground out U3 (Groundball, 34, EV 105.6 MPH)
|
|
Batting: SHB Jerry Mumphrey
|
0-0: Ball 1-0: Ball 2-0: Fly out, F8 (Line Drive, 8LD, EV 100.0 MPH)
|
| Bottom of the 2nd over - 3 runs, 3 hits, 0 errors, 0 left on base; California 0 - Minnesota 4 |
| TOP OF THE 3RD |
|
California Angels batting - Pitching for Minnesota Twins : RHP Marcos Ortega
|
|
Batting: LHB Geno Petralli
|
0-0: Swinging Strike 0-1: Called Strike 0-2: SINGLE (Groundball, 56D, EV 103.1 MPH)
|
|
Batting: RHB Rafael Ramirez
|
0-0: Ball 1-0: Ball 2-0: Called Strike 2-1: Called Strike 2-2: Strikes out swinging
|
|
Batting: RHB Frank White
|
0-0: Foul Ball, location: 2F 0-1: Foul Ball, location: 2F 0-2: Ball 1-2: SINGLE (Groundball, 6MD, EV 101.3 MPH) Geno Petralli to second Runner from 2nd tries for 3rd, SAFE, no throw by CF
|
|
Batting: RHB Jeff Atherton
|
0-0: Ball 1-0: Called Strike Frank White steals 2nd, throwing error, E2 Geno Petralli scores Frank White to third 1-1: Called Strike 1-2: Ground out 6-3 (Groundball, 6, EV 105.0 MPH) Frank White scores
|
|
Batting: LHB Brian Rosinski
|
0-0: Swinging Strike 0-1: Ball 1-1: Foul Ball, location: 2F 1-2: Ball 2-2: Strikes out looking
|
| Top of the 3rd over - 2 runs, 2 hits, 1 error, 0 left on base; California 2 - Minnesota 4 |
| BOTTOM OF THE 3RD |
|
Minnesota Twins batting - Pitching for California Angels : RHP Clay Kirby
|
|
Batting: RHB George Foster
|
0-0: Called Strike 0-1: Swinging Strike 0-2: Ball 1-2: Foul Ball, location: 2F 1-2: Ground out 6-3 (Groundball, 6, EV 88.8 MPH)
|
|
Batting: RHB Matt Cooper
|
0-0: Called Strike 0-1: Ball 1-1: Called Strike 1-2: Foul Ball, location: 2F 1-2: Foul Ball, location: 2F 1-2: Ball 2-2: Ball 3-2: Fly out, F8 (Flyball, 8LM, EV 87.5 MPH)
|
|
Batting: SHB Tony Bernazard
|
0-0: Fly out, F3 (Popup, 3SF, EV 72.5 MPH)
|
| Bottom of the 3rd over - 0 runs, 0 hits, 0 errors, 0 left on base; California 2 - Minnesota 4 |
| TOP OF THE 4TH |
|
California Angels batting - Pitching for Minnesota Twins : RHP Marcos Ortega
|
|
Batting: LHB Ralph Garr
|
0-0: Ball 1-0: Foul Ball, location: 2F 1-1: Called Strike 1-2: Ground out 6-3 (Groundball, 6M, EV 82.5 MPH)
|
|
Batting: LHB John Milner
|
0-0: Called Strike 0-1: Ball 1-1: Ball 2-1: Foul Ball, location: 2F 2-2: Ball 3-2: SINGLE (Flyball, 7LS, EV 93.8 MPH)
|
|
Batting: SHB Ignacio Medina
|
0-0: Called Strike 0-1: Called Strike 0-2: Ball 1-2: Foul Ball, location: 2F 1-2: Grounds into double play, 4-6-3 (Groundball, 4, EV 101.9 MPH)
|
| Top of the 4th over - 0 runs, 1 hit, 0 errors, 0 left on base; California 2 - Minnesota 4 |
| BOTTOM OF THE 4TH |
|
Minnesota Twins batting - Pitching for California Angels : RHP Clay Kirby
|
|
Batting: LHB Eloy Escobedo
|
0-0: Ball 1-0: Called Strike 1-1: SINGLE (Line Drive, 4D, EV 106.3 MPH)
|
|
Batting: RHB Aurelio Rodriguez
|
0-0: Ball 1-0: Ball 2-0: Grounds into double play, 6-4-3 (Groundball, 6S, EV 83.1 MPH)
|
|
Batting: LHB Ken Oberkfell
|
0-0: Ball 1-0: Called Strike 1-1: Ground out 4-3 (Groundball, 4, EV 85.6 MPH)
|
| Bottom of the 4th over - 0 runs, 1 hit, 0 errors, 0 left on base; California 2 - Minnesota 4 |
| TOP OF THE 5TH |
|
California Angels batting - Pitching for Minnesota Twins : RHP Marcos Ortega
|
|
Batting: RHB Carlos Pimentel
|
0-0: Ball 1-0: Called Strike 1-1: Foul Ball, location: 2F 1-2: Strikes out looking
|
|
Batting: LHB Geno Petralli
|
0-0: Ball 1-0: Ball 2-0: Foul Ball, location: 2F 2-1: Swinging Strike 2-2: Ground out U3 (Groundball, 23, EV 88.8 MPH)
|
|
Batting: RHB Rafael Ramirez
|
0-0: Ball 1-0: Fly out, F6 (Popup, 4MD, EV 67.5 MPH)
|
| Top of the 5th over - 0 runs, 0 hits, 0 errors, 0 left on base; California 2 - Minnesota 4 |
| BOTTOM OF THE 5TH |
|
Minnesota Twins batting - Pitching for California Angels : RHP Clay Kirby
|
|
Batting: RHB Chet Lemon
|
0-0: Foul Ball, location: 2F 0-1: Called Strike 0-2: Foul Ball, location: 2F 0-2: SINGLE (Groundball, 6D, EV 100.6 MPH)
|
|
Batting: RHB Josh Lynn
|
0-0: Ball 1-0: Bunted foul 1-1: Sac Bunt to 2R - play at first, batter OUT! 2-4 Chet Lemon to second
|
|
Batting: SHB Jerry Mumphrey
|
0-0: Fly out, F7 (Flyball, 7, EV 91.9 MPH)
|
|
Batting: RHB George Foster
|
0-0: Called Strike 0-1: Called Strike 0-2: Foul Ball, location: 2F 0-2: Ball 1-2: Ball 2-2: Foul Ball, location: 2F 2-2: Ball 3-2: SINGLE (Groundball, 34D, EV 105.0 MPH) Chet Lemon to third Chet Lemon scores
|
|
Batting: RHB Matt Cooper
|
0-0: Ball 1-0: DOUBLE (Groundball, 5L, EV 94.4 MPH) George Foster to third Runner from 3rd tries for Home, SAFE, throw by LF to trailing runner, OUT at third! 7-6-5
|
| Bottom of the 5th over - 2 runs, 3 hits, 0 errors, 0 left on base; California 2 - Minnesota 6 |
| TOP OF THE 6TH |
|
California Angels batting - Pitching for Minnesota Twins : RHP Marcos Ortega
|
|
Batting: RHB Frank White
|
0-0: Called Strike 0-1: Foul Ball, location: 2F 0-2: Strikes out swinging
|
|
Batting: RHB Jeff Atherton
|
0-0: Foul Ball, location: 2F 0-1: Ball 1-1: Ground out U3 (Groundball, 3, EV 106.3 MPH)
|
|
Batting: LHB Brian Rosinski
|
0-0: Foul Ball, location: 2F 0-1: Foul Ball, location: 2F 0-2: Ball 1-2: Strikes out looking
|
| Top of the 6th over - 0 runs, 0 hits, 0 errors, 0 left on base; California 2 - Minnesota 6 |
| BOTTOM OF THE 6TH |
|
Minnesota Twins batting - Pitching for California Angels : RHP Clay Kirby
|
|
Batting: SHB Tony Bernazard
|
0-0: Swinging Strike 0-1: Swinging Strike 0-2: Foul Ball, location: 2F 0-2: Foul Ball, location: 2F 0-2: Foul Ball, location: 2F 0-2: Strikes out swinging
|
|
Batting: LHB Eloy Escobedo
|
0-0: Called Strike 0-1: Fly out, F7 (Flyball, 7, EV 87.5 MPH)
|
|
Batting: RHB Aurelio Rodriguez
|
0-0: Ball 1-0: Ball 2-0: Foul Ball, location: 2F 2-1: Ball 3-1: Ground out 6-3 (Groundball, 56D, EV 103.8 MPH)
|
| Bottom of the 6th over - 0 runs, 0 hits, 0 errors, 0 left on base; California 2 - Minnesota 6 |
| TOP OF THE 7TH |
|
California Angels batting - Pitching for Minnesota Twins : RHP Marcos Ortega
|
|
Batting: LHB Ralph Garr
|
0-0: Called Strike 0-1: Foul Ball, location: 2F 0-2: Ball 1-2: Foul Ball, location: 2F 1-2: Ball 2-2: Strikes out swinging, 2-3 out at first.
|
|
Batting: LHB John Milner
|
0-0: Swinging Strike 0-1: Ball 1-1: Swinging Strike 1-2: SINGLE (Groundball, 6MD, EV 100.0 MPH) (infield hit)
|
|
Batting: SHB Ignacio Medina
|
0-0: Called Strike 0-1: Ball 1-1: SINGLE (Groundball, 34D, EV 101.9 MPH) John Milner to second Runner from 2nd tries for 3rd, SAFE, no throw by RF
|
|
Batting: RHB Carlos Pimentel
|
0-0: Called Strike 0-1: Foul Ball, location: 2F 0-2: Ball 1-2: Foul Ball, location: 2F 1-2: Grounds into double play, 6-4-3 (Groundball, 6, EV 88.8 MPH)
|
| Top of the 7th over - 0 runs, 2 hits, 0 errors, 1 left on base; California 2 - Minnesota 6 |
| BOTTOM OF THE 7TH |
|
Minnesota Twins batting - Pitching for California Angels : RHP Clay Kirby
|
|
Pitching: LHP Tug McGraw
|
|
|
Batting: LHB Ken Oberkfell
|
0-0: Ball 1-0: Ground out 6-3 (Groundball, 6, EV 88.1 MPH)
|
|
Batting: RHB Chet Lemon
|
0-0: Ball 1-0: SINGLE (Line Drive, 4D, EV 100.6 MPH)
|
|
Batting: RHB Josh Lynn
|
0-0: Called Strike 0-1: Ball 1-1: Ball Wild Pitch! Chet Lemon to second 2-1: Ball 3-1: Ground out 5-3 (Groundball, 56, EV 103.1 MPH)
|
|
Batting: SHB Jerry Mumphrey
|
0-0: Ball 1-0: Ball 2-0: Fly out, F9 (Flyball, 9S, EV 75.6 MPH)
|
| Bottom of the 7th over - 0 runs, 1 hit, 0 errors, 1 left on base; California 2 - Minnesota 6 |
| TOP OF THE 8TH |
|
California Angels batting - Pitching for Minnesota Twins : RHP Marcos Ortega
|
|
Pitching: RHP David Roberts
|
|
|
Batting: LHB Geno Petralli
|
0-0: Ball 1-0: Called Strike 1-1: SINGLE (Groundball, 4S, EV 68.1 MPH) (infield hit)
|
|
Batting: RHB Rafael Ramirez
|
0-0: Called Strike 0-1: Fly out, F9 (Flyball, 89D, EV 101.9 MPH)
|
|
Batting: RHB Frank White
|
0-0: Fly out, F8 (Line Drive, 8LD, EV 103.8 MPH)
|
|
Batting: RHB Jeff Atherton
|
0-0: Ball 1-0: SINGLE (Line Drive, 3D, EV 98.1 MPH) Geno Petralli to second Runner from 2nd tries for 3rd, SAFE, throw by RF made to third
|
|
Batting: LHB Brian Rosinski
|
0-0: Called Strike 0-1: Called Strike 0-2: Ball 1-2: Foul Ball, location: 2F 1-2: Foul Ball, location: 2F 1-2: Ball 2-2: Ball 3-2: SINGLE (Line Drive, 7LS, EV 112.5 MPH) Geno Petralli scores Jeff Atherton to second Jeff Atherton to third
|
|
Batting: LHB Ralph Garr
|
0-0: Ball 1-0: Ground out 4-3 (Groundball, 4, EV 84.4 MPH)
|
| Top of the 8th over - 1 run, 3 hits, 0 errors, 2 left on base; California 3 - Minnesota 6 |
| BOTTOM OF THE 8TH |
|
Minnesota Twins batting - Pitching for California Angels : LHP Tug McGraw
|
|
Batting: RHB George Foster
|
0-0: Ball 1-0: Called Strike 1-1: Foul Ball, location: 2F 1-2: SINGLE (Flyball, 3D, EV 88.8 MPH)
|
|
Batting: RHB Matt Cooper
|
0-0: Ball 1-0: Called Strike 1-1: Fly out, F7 (Line Drive, 7, EV 94.4 MPH)
|
|
Batting: SHB Tony Bernazard
|
0-0: Called Strike 0-1: Called Strike 0-2: Foul Ball, location: 2F 0-2: Fly out, F9 (Flyball, 9D, EV 81.3 MPH)
|
|
Batting: LHB Eloy Escobedo
|
0-0: Called Strike 0-1: SINGLE (Groundball, 6M, EV 109.4 MPH) (infield hit) George Foster to second
|
|
Batting: RHB Aurelio Rodriguez
|
0-0: Called Strike 0-1: Swinging Strike 0-2: Ball 1-2: Foul Ball, location: 2F 1-2: Foul Ball, location: 2F 1-2: Foul Ball, location: 2F 1-2: Ground out 5-3 (Groundball, 56S, EV 80.0 MPH)
|
| Bottom of the 8th over - 0 runs, 2 hits, 0 errors, 2 left on base; California 3 - Minnesota 6 |
| TOP OF THE 9TH |
|
California Angels batting - Pitching for Minnesota Twins : RHP David Roberts
|
|
Now at C: Tom Brown
|
|
|
Now at 3B: Taylor Duncan
|
|
|
Batting: LHB John Milner
|
0-0: Ball 1-0: Ball 2-0: Ground out U3 (Groundball, 13, EV 82.5 MPH)
|
|
Batting: SHB Ignacio Medina
|
0-0: Called Strike 0-1: SINGLE (Groundball, 6MD, EV 96.9 MPH)
|
|
Batting: RHB Carlos Pimentel
|
0-0: Ball 1-0: Ball 2-0: Called Strike 2-1: Fielders Choice at 2nd, 6-4 (Groundball, 6, EV 107.5 MPH)
|
|
Batting: LHB Geno Petralli
|
0-0: Ball 1-0: SINGLE (Line Drive, 9S, EV 97.5 MPH) Carlos Pimentel to second
|
|
Pinch Hitting: SHB Jon Hernandez
|
0-0: Called Strike 0-1: Ball 1-1: Ball 2-1: Foul Ball, location: 2F 2-2: 3-RUN HOME RUN (Flyball, 9D, EV 98.1 MPH), Distance : 389 ft
|
|
Pitching: RHP Scott Brown
|
|
|
Batting: RHB Frank White
|
0-0: Ground out 6-3 (Groundball, 4MD, EV 88.8 MPH)
|
| Top of the 9th over - 3 runs, 3 hits, 0 errors, 0 left on base; California 6 - Minnesota 6 |
| BOTTOM OF THE 9TH |
|
Minnesota Twins batting - Pitching for California Angels : LHP Tug McGraw
|
|
Pitching: RHP Jerry Reed
|
|
|
Now at 3B: Manny Castillo
|
|
|
Pinch Hitting: LHB Lloyd Moseby
|
0-0: Ball 1-0: SINGLE (Groundball, 3S, EV 71.3 MPH) (infield hit)
|
|
Batting: RHB Chet Lemon
|
0-0: Ball Lloyd Moseby steals 2nd base 1-0: Ball 2-0: Ball 3-0: Base on Balls
|
|
Batting: RHB Josh Lynn
|
0-0: Ball 1-0: Sac Bunt to 2L - play at first, batter OUT! 2-4 Lloyd Moseby to third Chet Lemon to second
|
|
Batting: SHB Jerry Mumphrey
|
0-0: Ball 1-0: Called Strike 1-1: Ball 2-1: Ball 3-1: Foul Ball, location: 2F 3-2: Foul Ball, location: 2F 3-2: Fly out, F8 (Flyball, 78M, EV 88.8 MPH)
|
|
Batting: RHB George Foster
|
0-0: Called Strike 0-1: Called Strike 0-2: Foul Ball, location: 2F 0-2: SINGLE (Groundball, 56D, EV 105.0 MPH) Lloyd Moseby scores
|
| Bottom of the 9th over - 1 run, 2 hits, 0 errors, 0 left on base; California 6 - Minnesota 7 |
|